 Dungeon Crawl Stone Soup version 0.25-a0-663-gace7076f2c (webtiles) character file.

Game seed: 15953374996168817509, levelgen mode: deterministic

78043 gimyohan the Brawler (level 15, 0/145 HPs)
             Began as a Troll Chaos Knight on Mar 25, 2020.
             Was a Plaything of Xom.
             Slain by a molten gargoyle
             ... wielding a +0 flail
              (3 damage)
             ... on level 6 of the Lair of Beasts.
             The game lasted 00:58:38 (19100 turns).

gimyohan the Brawler (Troll Chaos Knight)          Turns: 19100, Time: 00:58:39

Health: 0/145      AC: 11    Str: 24      XL:     15   Next: 17%
Magic:  17/17      EV:  9    Int: 18      God:    Xom [*.....]
Gold:   1616       SH: 11    Dex:  8 (9)  Spells: 15/19 levels left

rFire    + . .     SeeInvis +   b - +4 scimitar (flame)
rCold    + + .     Gourm    +   s - +0 kite shield
rNeg     . . .     Faith    .   S - +2 troll leather armour
rPois    .         Spirit   .   (helmet unavailable)
rElec    .         Reflect  .   r - +1 cloak
rCorr    .         Harm     .   (gloves unavailable)
MR       ++...                  (boots unavailable)
Stlth    ++........             z - amulet of regeneration
HPRegen  1.54/turn              T - ring of wizardry
MPRegen  0.15/turn              R - ring "Aguwupn" {rF+ rC+ MR+ Int+5 Stlth+}

@: about to teleport, singing, berserk cooldown, slowed, very slow
A: large, unfitting armour, antennae 3, claws 3, blink, cold resistance 1,
deformed body, deterioration 1, fast metabolism 3, gourmand, regeneration 1,
shaggy fur 1, tough skin 3, wild magic 1
a: Blink, Renounce Religion


You were on level 6 of the Lair of Beasts.
You worshipped Xom.
You were a special plaything of Xom.
You were very full.

You visited 2 branches of the dungeon, and saw 21 of its levels.

You collected 2096 gold pieces.
You spent 480 gold pieces at shops.

Inventory:

Hand Weapons
 b - a +4 scimitar of flaming (weapon)
Missiles
 i - 21 poisoned darts
 n - 11 boomerangs
 D - 26 large rocks (quivered)
 I - 7 boomerangs of dispersal
 K - 7 javelins
Armour
 r - a +1 cloak (worn)
 s - a +0 kite shield (worn)
 A - +0 acid dragon scales
 S - a +2 troll leather armour (worn)
Jewellery
 o - an uncursed amulet of rage
 p - an uncursed ring of protection from cold
 z - an amulet of regeneration (around neck)
 E - an uncursed ring of flight
 R - the ring "Aguwupn" (right claw) {rF+ rC+ MR+ Int+5 Stlth+}
   (You found it on level 10 of the Dungeon)

   [ring of intelligence]

   It affects your intelligence (+5).
   It protects you from fire.
   It protects you from cold.
   It affects your resistance to hostile enchantments.
   It makes you more stealthy.
 T - a ring of wizardry (left claw)
 X - the ring "Punlaip" {*Corrode rF+ Str+3 Int+2}
   (You found it on level 3 of the Lair of Beasts)

   [ring of protection from fire]

   It affects your strength (+3).
   It affects your intelligence (+2).
   It protects you from fire.
   It may corrode you when you take damage.
Wands
 f - a wand of paralysis (19)
 u - a wand of flame (39)
 x - a wand of disintegration (28)
 F - a wand of polymorph (22)
 G - a wand of digging (6)
 O - a wand of acid (5)
 P - a wand of clouds (5)
Scrolls
 a - a scroll of summoning
 d - 4 scrolls of teleportation
 g - 3 scrolls of magic mapping
 h - 7 scrolls of remove curse
 j - 7 scrolls of enchant weapon
 m - 5 scrolls of amnesia
 v - 3 scrolls of enchant armour
 y - a scroll of holy word
 H - 4 scrolls of fear
Potions
 e - 7 potions of lignification
 k - a potion of flight
 l - 3 potions of resistance
 t - 7 potions of might
 w - 11 potions of curing
 B - 8 potions of stabbing
 C - 3 potions of heal wounds
 J - a potion of berserk rage
 M - 2 potions of cancellation
 N - a potion of haste
 Q - a potion of ambrosia
 U - a potion of invisibility
Comestibles
 c - 10 chunks of flesh
 L - 58 rations


   Skills:
 * Level 8.9 Fighting
 - Level 5.2 Long Blades
 - Level 3.0 Throwing
 * Level 6.7 Armour
 - Level 1.9 Dodging
 - Level 0.2 Stealth
 - Level 9.0 Shields
 + Level 17.3 Unarmed Combat
 * Level 2.5 Spellcasting
 * Level 2.9 Charms
 - Level 3.0 Translocations
 * Level 4.7 Evocations


You had 15 spell levels left.
You knew the following spells:

 Your Spells              Type           Power        Failure   Level  Hunger
a - Shroud of Golubria    Chrm/Tloc      ###...       5%          2    ##.....
b - Song of Slaying       Chrm           ###.....     5%          2    ##.....

Your spell library contained the following spells:

 Spells                   Type           Power        Failure   Level  Hunger
 Infusion                 Chrm           ###.         3%          1    #......
 Beastly Appendage        Tmut           #.....       11%         1    #......
 Corona                   Hex            #......      11%         1    #......
 Magic Dart               Conj           #...         11%         1    #......
 Sting                    Tmut/Pois      #...         11%         1    #......
 Summon Butterflies       Summ           #.......     11%         1    #......
 Poisonous Vapours        Pois/Air       #.....       16%         2    ##.....
 Searing Ray              Conj           #.....       16%         2    ##.....
 Slow                     Hex            #.......     16%         2    ##.....
 Sticks to Snakes         Tmut           #.......     16%         2    ##.....
 Ozocubu's Armour         Chrm/Ice       #.......     16%         3    ###....
 Portal Projectile        Hex/Tloc       ##....       16%         3    ###....
 Spectral Weapon          Hex/Chrm       #.......     16%         3    ###....
 Call Canine Familiar     Summ           #.......     28%         3    ###....
 Dazzling Flash           Conj/Hex       #.....       28%         3    ###....
 Ignite Poison            Fire/Tmut/Pois #.......     28%         3    ###....
 Inner Flame              Hex/Fire       #.......     28%         3    ###....
 Mephitic Cloud           Conj/Pois/Air  #.......     28%         3    ###....
 Spider Form              Tmut/Pois      #.........   28%         3    ###....
 Iskenderun's Mystic Bla  Conj/Tloc      ##......     45%         4    #####..
 Cause Fear               Hex            #.........   63%         4    #####..
 Fulminant Prism          Conj/Hex       #.........   63%         4    #####..
 Ice Form                 Ice/Tmut       #.......     63%         4    #####..
 Leda's Liquefaction      Hex/Erth       #.........   63%         4    #####..
 Olgreb's Toxic Radiance  Pois           #.......     63%         4    #####..
 Summon Ice Beast         Ice/Summ       #.......     63%         4    #####..
 Blade Hands              Tmut           #.........   91%         5    ######.
 Summon Mana Viper        Hex/Summ       #.......     91%         5    ######.
 Summon Hydra             Summ           #.........   100%        7    #######


Dungeon Overview and Level Annotations

Branches:
Dungeon (15/15)            Temple (0/1) D:4            Lair (6/6) D:8
 Shoals (0/4) Lair:4       Spider (0/4) Lair:4        Slime (0/5) Lair:6
    Orc (0/2) D:12         Vaults (0/5) D:13         Depths (0/5) D:15

Altars:
Dithmenos
Gozag
Hepliaklqana
Makhleb
Xom
Jiyva

Shops:
D:14 :

Annotations:
D:8 exclusion: downstairs
D:10 exclusion: downstairs
D:11 exclusion: downstairs
D:14 1 exclusion
Lair:2 exclusion: oklob plant
Lair:4 exclusion: 2 downstairs
Lair:5 3 runed translucent doors, Qeorph's ghost, journeyman FoAK
Lair:6 1 runed translucent door


Innate Abilities, Weirdness & Mutations

You are too large for most types of armour.
You have claws for hands.
Your metabolism is lightning-fast.
You like to eat raw meat.
Your natural rate of healing is unusually fast.
You are covered in fur. (AC +1)
You have extremely tough skin. (AC +3)
You have a pair of large antennae on your head. (SInv)
You can translocate small distances at will.
Your flesh is cold resistant. (rC+)
Armour fits poorly on your strangely shaped body.
Your body sometimes deteriorates upon taking damage.
Your spells are a little harder to cast, but a little more powerful.


Message History

"The weather's been a little too boring around here."
The wyvern stops glowing.
Something closely misses the komodo dragon.
You block the one-headed hydra's attack.
Unknown command.
You chop the one-headed hydra's last head off!
You kill the one-headed hydra!
The molten gargoyle hits you but does no damage.
You block the komodo dragon's attack. The molten gargoyle barely misses you.
Unknown command.
As you read the scroll of teleportation, it crumbles to dust.
You feel strangely unstable.
The molten gargoyle stops glowing.
The komodo dragon bites you!!
* * * LOW HITPOINT WARNING * * *
The molten gargoyle hits you with a +0 flail!!
* * * LOW HITPOINT WARNING * * *
Xom roars with laughter!
You are engulfed in flames.
You resist.
You die...
Xom chuckles heartily!

.....## #......#≈≈§ +
##.. ......#
#...l.#§.##....##≈##...
.......#
#......§.#......#≈#....
.......#
#......§≈#......#≈#....
......###8#.....†#≈#.
....#≈≈§... ......#
#......#≈≈#{ ..${#§≈≈§##
......# #.#.##S##≈≈## ($
##≈≈≈#.. .....##
##.l§§§≈######§≈≈....
.....#
#≈≈9@§§#≈§§≈≈≈§≈#....
≈≈##≈l§§§##≈≈≈≈§≈≈≈.....
#≈≈§§§≈.##..§§≈###§.#..8
#≈≈≈≈≈##...§§...#÷§##8##
##§≈###.........#§§≈###
#≈# #8...........#§≈# #≈
###.........##§≈≈# ≈ ≈≈
#..........8##≈§≈# {
§§§###........## ≈#≈#


You could see a komodo dragon, a black mamba (confused), a molten gargoyle and a
wyvern (confused).

Vanquished Creatures
  Agnes (D:14)
  A tengu reaver (D:14)
  A fire giant (D:11)
  Snorg (Lair:6)
  2 hydras
  4 centaur warriors
  5 death yaks
  A death knight (D:14)
  An ogre mage (D:14)
  4 two-headed ogres
  A deep troll earth mage (D:14)
  3 skeletal warriors (D:12)
  An iron troll (D:13)
  A deep troll (D:15)
  A harpy (shapeshifter) (D:13)
  A lindwurm (Lair:6)
  2 wolf spiders
  2 deep elf magi
  3 ugly things (D:14)
  A salamander (shapeshifter) (D:14)
  3 manticores
  A faun (Lair:5)
  6 cyclopes
  2 black mambas (Lair:3)
  A merfolk siren (Lair:4)
  Maurice (D:11)
  12 elephants
  A torpor snail (Lair:6)
  3 gargoyles
  14 spiny frogs
  A molten gargoyle (Lair:6)
  Psyche (D:11)
  2 rime drakes
  3 yaktaurs (D:14)
  2 kobold demonologists (D:15)
  A redback zombie (D:15)
  3 efreet
  7 komodo dragons
  A meliai (D:14)
  A polar bear (Lair:5)
  2 trolls
  A meliai (shapeshifter) (Lair:2)
  4 jumping spiders (Lair:4)
  11 blink frogs
  A hornet (shapeshifter) (D:14)
  9 slime creatures
  10 hippogriffs
  A meliai zombie (D:14)
  Sigmund (D:4)
  2 centaur simulacra
  2 redbacks (Lair:4)
  A shadow (D:13)
  5 wraiths
  51 yaks
  3 vampires
  6 wyverns
  4 hogs (D:7)
  Grum (Lair:1)
  6 basilisks
  A human (D:7)
  A hungry ghost (D:8)
  5 vampire mosquitoes
  A redback simulacrum (D:14)
  3 steam dragons (Lair:6)
  3 acid dragons
  A soldier ant (D:14)
  5 hell hounds (Lair:6)
  9 water moccasins
  A porcupine (shapeshifter) (D:12)
  8 porcupines
  Duvessa (D:7)
  3 sky beasts
  6 ice beasts
  7 orc warriors
  3 black bears
  9 ogres
  6 phantoms
  11 centaurs
  A necrophage (D:12)
  4 wolves (Lair:1)
  12 crocodiles
  6 big kobolds
  16 bullfrogs
  Dowan (D:7)
  A wyvern skeleton (D:14)
  7 scorpions
  6 killer bees
  10 wights
  4 howler monkeys
  A bullfrog zombie (D:7)
  5 lava snakes (Lair:6)
  5 crimson imps
  5 hounds
  3 jellies
  A quasit (D:8)
  2 orc priests
  3 centaur skeletons
  6 centaur zombies
  3 iguanas (D:7)
  9 orc wizards
  13 worker ants
  A killer bee zombie (D:7)
  A hound skeleton (D:6)
  11 adders
  5 shadow imps
  An adder zombie (D:5)
  A worm (D:2)
  A dart slug (D:2)
  9 leopard geckos
  50 orcs
  A ball python (D:2)
  5 giant cockroaches
  8 goblins
  6 hobgoblins
  8 jackals
  24 kobolds
  4 quokkas
  7 bats
  5 frilled lizards
  A giant cockroach zombie (D:6)
  A leopard gecko skeleton (D:5)
  4 rats
  2 fungi (Lair:5)
588 creatures vanquished.

Vanquished Creatures (collateral kills)
  An ettin (D:15)
  A manticore (D:11)
  A centaur zombie (D:14)
  An efreet (D:14)
  3 yaktaurs (D:14)
  2 meliai (D:14)
  3 yaks (Lair:1)
  A spriggan (shapeshifter) (D:14)
  2 wargs (D:8)
  An orc warrior (D:8)
  2 centaurs (D:14)
  4 orc priests (D:8)
  2 orcs (D:8)
  A kobold (D:15)
25 creatures vanquished.

Vanquished Creatures (others)
  3 dancing weapons
  A shadow (D:11)
  An acid dragon (D:11)
  An orc warrior (D:7)
  A gnoll sergeant (D:7)
  A worker ant (D:7)
  A bush (D:14)
  11 fungi
  3 plants (Lair:5)
23 creatures vanquished.

Grand Total: 636 creatures vanquished

Notes
Turn   | Place    | Note
-------+----------+-------------------------------------------
     0 | D:1      | gimyohan the Troll Chaos Knight began the quest for the
                  | Orb.
     0 | D:1      | Reached XP level 1. HP: 22/22 MP: 0/0
    61 | D:1      | XOM: divination: detect creatures
   166 | D:1      | Reached XP level 2. HP: 29/29 MP: 1/1
   463 | D:2      | XOM: silly message
   626 | D:2      | Reached XP level 3. HP: 30/36 MP: 2/2
   708 | D:2      | Reached skill level 4 in Unarmed Combat
   984 | D:2      | Reached XP level 4. HP: 43/45 MP: 3/3
  1226 | D:2      | XOM: harmless Conj miscast
  1595 | D:3      | XOM: harmless Erth miscast
  1608 | D:3      | XOM: god gift: 11 gold pieces
  1888 | D:4      | Found a staircase to the Ecumenical Temple.
  1890 | D:4      | Noticed Sigmund
  1890 | D:4      | XOM: potion effect (berserk rage)
  1896 | D:4      | Killed Sigmund
  1896 | D:4      | Reached skill level 1 in Shields
  1896 | D:4      | Reached skill level 5 in Unarmed Combat
  1896 | D:4      | Reached XP level 5. HP: 53/53 MP: 4/4
  1896 | D:4      | Reached XP level 6. HP: 61/61 MP: 5/5
  2011 | D:4      | Reached skill level 6 in Unarmed Combat
  2326 | D:5      | Entered Level 5 of the Dungeon
  2338 | D:5      | XOM is BORED!
  2338 | D:5      | XOM: medium Chrm miscast
  2482 | D:5      | Reached XP level 7. HP: 53/68 MP: 6/6
  2535 | D:5      | Reached skill level 7 in Unarmed Combat
  2710 | D:5      | XOM: divination: magic mapping
  2755 | D:5      | XOM: divination: magic mapping
  2919 | D:5      | XOM: mild Erth miscast
  3257 | D:6      | XOM: mild Fire miscast
  3296 | D:6      | XOM: cleaving
  3299 | D:6      | Reached skill level 8 in Unarmed Combat
  3299 | D:6      | Reached XP level 8. HP: 72/78 MP: 7/7
  3444 | D:6      | XOM: fog
  3462 | D:6      | XOM: cleaving
  3524 | D:6      | XOM: scenery: 2 doors open, 1 doors close
  3899 | D:6      | Reached skill level 9 in Unarmed Combat
  3927 | D:6      | XOM: god gift: short jewelled staff {god gift}
  4100 | D:7      | XOM: fake destruction
  4102 | D:7      | Noticed Duvessa
  4104 | D:7      | Noticed Dowan
  4109 | D:7      | XOM: fake destruction
  4110 | D:7      | Killed Duvessa
  4111 | D:7      | Killed Dowan
  4159 | D:7      | XOM: summons friendly iron imp
  4186 | D:7      | Found a shimmering altar of Xom.
  4252 | D:7      | Reached skill level 10 in Unarmed Combat
  4359 | D:7      | Reached XP level 9. HP: 76/84 MP: 8/8
  4384 | D:7      | XOM: confuse monster(s)
  4444 | D:7      | XOM: potion effect (might)
  4591 | D:7      | Found a hazy altar of Hepliaklqana.
  4751 | D:7      | Reached skill level 5 in Shields
  4785 | D:7      | XOM: scenery: create altars
  4791 | D:7      | Reached skill level 11 in Unarmed Combat
  4898 | D:8      | XOM: cleaving
  4911 | D:8      | XOM: cast spell 'Monstrous Menagerie'
  4934 | D:8      | Found a staircase to the Lair.
  4978 | D:8      | XOM: harmless Hex miscast
  5021 | D:8      | XOM: enchant monster (bad)
  5022 | D:8      | XOM: divination: detect items
  5024 | D:8      | Reached XP level 10. HP: 78/94 MP: 9/9
  5034 | D:8      | Noticed a two-headed ogre
  5045 | D:8      | Killed a two-headed ogre
  5045 | D:8      | Reached skill level 5 in Fighting
  5149 | D:8      | XOM: harmless Conj miscast
  5189 | D:8      | Reached skill level 12 in Unarmed Combat
  5202 | D:8      | XOM: potion effect (heal wounds)
  5218 | D:8      | XOM: noise
  5220 | D:8      | XOM: harmless Erth miscast
  5313 | D:8      | XOM: 7-stop teleportation journey
  5458 | D:8      | XOM: give mutations
  5458 | D:8      | Gained mutation: You are clumsy. (Dex -2) [Xom's mischief]
  5458 | D:8      | Lost mutation: You are clumsy. (Dex -2) [Xom's mischief]
  5458 | D:8      | Gained mutation: Scrolls take you a little longer to read.
                  | [Xom's mischief]
  5672 | D:9      | XOM: stealth player
  5704 | D:9      | Noticed a two-headed ogre
  5713 | D:8      | Noticed a wolf spider
  5713 | D:8      | a two-headed ogre changed into a wolf spider
  5713 | D:8      | XOM: polymorph two-headed ogre -> wolf spider
  5719 | D:8      | Killed a wolf spider
  5827 | D:9      | XOM: 2-stop teleportation journey
  5863 | D:9      | XOM: noise
  6049 | D:9      | XOM: polymorph killer bee -> porcupine
  6056 | D:9      | XOM: harmless Tloc miscast
  6079 | D:9      | XOM: harmless Ice miscast
  6086 | D:9      | XOM: harmless Tmut miscast
  6163 | D:9      | Found a burning altar of Makhleb.
  6282 | D:9      | XOM: potion effect (heal wounds)
  6327 | D:9      | XOM: silly message
  6439 | D:9      | XOM: harmless Chrm miscast
  6448 | D:9      | XOM: harmless Tloc miscast
  6574 | D:9      | XOM is BORED!
  6574 | D:9      | XOM: noise
  6583 | D:10     | Entered Level 10 of the Dungeon
  6590 | D:9      | Reached skill level 13 in Unarmed Combat
  6614 | D:9      | XOM: swap monsters
  6617 | D:9      | Reached XP level 11. HP: 77/105 MP: 10/10
  6849 | D:10     | XOM: 2-stop teleportation journey
  6917 | D:10     | Got a clouded pewter ring
  7645 | D:10     | Identified the ring "Aguwupn" {rF+ rC+ MR+ Int+5 Stlth+}
                  | (You found it on level 10 of the Dungeon)
  7664 | D:10     | Lost mutation: Scrolls take you a little longer to read.
                  | [potion of mutation]
  7664 | D:10     | Gained mutation: You possess an exceptional clarity of
                  | mind. [potion of mutation]
  7664 | D:10     | Lost mutation: You possess an exceptional clarity of mind.
                  | [potion of mutation]
  7664 | D:10     | Gained mutation: You have large cloven feet. [potion of
                  | mutation]
  7665 | D:10     | Lost mutation: You have large cloven feet. [potion of
                  | mutation]
  7665 | D:10     | Gained mutation: Your body sometimes deteriorates upon
                  | taking damage. [potion of mutation]
  7665 | D:10     | Gained mutation: You have a pair of small antennae on your
                  | head. [potion of mutation]
  7697 | D:11     | Noticed Psyche
  7757 | D:11     | Found an opulent altar of Gozag.
  7809 | D:11     | Noticed Maurice
  7846 | D:10     | XOM: medium Tloc miscast
  7969 | D:11     | XOM: divination: detect creatures
  7992 | D:11     | XOM: harmless Summ miscast
  7993 | D:11     | Killed Psyche
  8004 | D:11     | Killed Maurice
  8061 | D:11     | XOM: fog
  8067 | D:11     | Reached skill level 1 in Throwing
  8129 | D:11     | XOM: summons 10 friendly demons
  8317 | D:11     | XOM: scenery: create altars
  8336 | D:11     | XOM: cloud trail
  8400 | D:11     | XOM: divine lightning
  8427 | D:11     | Noticed a fire giant
  8470 | D:11     | XOM: god gift: 7 rations
  8473 | D:11     | XOM: fog
  8703 | D:11     | XOM: smoke on damage
  8788 | D:12     | Found a staircase to the Orcish Mines.
  8938 | D:12     | Reached skill level 14 in Unarmed Combat
  9002 | D:12     | XOM: smoke on damage
  9199 | D:12     | XOM: summons friendly white imp
  9204 | D:12     | Reached skill level 1 in Armour
  9213 | D:12     | Noticed a skeletal warrior
  9213 | D:12     | Noticed a skeletal warrior
  9221 | D:12     | XOM: noise
  9246 | D:12     | Killed a skeletal warrior
  9260 | D:12     | Killed a skeletal warrior
  9342 | D:12     | Reached XP level 12. HP: 92/115 MP: 11/11
  9408 | D:12     | XOM: confuse monster(s)
  9810 | D:13     | XOM: chaos upgrade
  9944 | D:13     | XOM: harmless Conj miscast
  9967 | D:13     | XOM: swap monsters
 10213 | D:13     | Found a shadowy altar of Dithmenos.
 10233 | D:13     | Reached skill level 1 in Evocations
 10272 | D:13     | XOM: silly message
 10320 | D:13     | XOM: noise
 10324 | D:13     | Noticed a two-headed ogre
 10366 | D:13     | Killed a two-headed ogre
 10437 | D:13     | XOM: repel stairs
 10438 | D:13     | XOM: chaos cloud
 10441 | D:13     | XOM: draining
 10446 | D:13     | XOM: summons 4 hostile shadow creatures
 10625 | D:13     | Found a gate to the Vaults.
 10922 | D:14     | Reached skill level 15 in Unarmed Combat
 10925 | D:14     | XOM: mild Tloc miscast
 10960 | D:14     | Noticed Agnes
 10971 | D:14     | XOM: divination: detect creatures
 10972 | D:14     | Killed Agnes
 11012 | D:14     | XOM: harmless Fire miscast
 11070 | D:14     | XOM: potion effect (haste)
 11071 | D:14     | XOM: potion effect (stabbing)
 11091 | D:14     | XOM: potion effect (haste)
 11209 | D:14     | XOM: confuse monster(s)
 11230 | D:14     | Reached XP level 13. HP: 38/127 MP: 13/13
 11255 | D:14     | XOM: give mutation
 11255 | D:14     | Gained mutation: You can translocate small distances at
                  | will. [Xom's grace]
 11438 | D:14     | XOM: confuse monster(s)
 11473 | D:14     | XOM: cast spell 'Chain of Chaos'
 11490 | D:14     | Reached skill level 5 in Armour
 11558 | D:14     | Noticed a tengu reaver
 11563 | D:14     | XOM: enchant monster (bad)
 11581 | D:14     | Killed a tengu reaver
 11636 | D:14     | XOM: swap monsters
 11852 | D:14     | Found Povidiwk's Book Boutique.
 11855 | D:14     | Bought a book of Battle for 480 gold pieces
 11858 | D:14     | Learned a level 2 spell: Shroud of Golubria
 11861 | D:14     | Learned a level 2 spell: Song of Slaying
 11871 | D:14     | XOM: god gift: 4 rations
 11966 | D:14     | XOM: scenery: create altars
 11978 | D:14     | XOM: enchant monster (good)
 12109 | D:14     | XOM: summons 3 friendly demons
 12113 | D:14     | Reached skill level 16 in Unarmed Combat
 12362 | D:15     | Entered Level 15 of the Dungeon
 12381 | D:15     | XOM: scenery: create altars
 12574 | D:15     | Reached skill level 1 in Translocations
 12603 | D:15     | Reached skill level 1 in Charms
 12659 | D:15     | Reached skill level 1 in Spellcasting
 12758 | D:15     | XOM: mild Pois miscast
 12775 | D:15     | Noticed an ettin
 12785 | D:15     | XOM: enchant monster (good)
 12790 | D:15     | XOM: potion effect (might)
 12804 | D:15     | Killed an ettin
 12920 | D:15     | Found a staircase to the Depths.
 13149 | D:11     | Killed a fire giant
 13249 | Lair:1   | Entered Level 1 of the Lair of Beasts
 13252 | Lair:1   | Noticed Grum
 13254 | Lair:1   | XOM: enchant monster (good)
 13264 | Lair:1   | Reached XP level 14. HP: 105/137 MP: 15/15
 13275 | Lair:1   | Killed Grum
 13321 | Lair:1   | Reached skill level 1 in Long Blades
 13324 | Lair:1   | XOM: cast spell 'Summon Mana Viper'
 13343 | Lair:1   | XOM: divination: detect items
 13360 | Lair:1   | XOM: harmless Necr miscast
 13603 | Lair:1   | XOM: give mutations
 13603 | Lair:1   | Gained mutation: You are clumsy. (Dex -2) [Xom's mischief]
 13603 | Lair:1   | Lost mutation: Your body sometimes deteriorates upon taking
                  | damage. [Xom's mischief]
 13603 | Lair:1   | Gained mutation: Your body sometimes deteriorates upon
                  | taking damage. [Xom's mischief]
 13603 | Lair:1   | Lost mutation: Your body sometimes deteriorates upon taking
                  | damage. [Xom's mischief]
 14139 | Lair:1   | XOM is BORED!
 14139 | Lair:1   | XOM: draining
 14308 | Lair:2   | XOM: scenery: 1 doors open
 14320 | Lair:2   | XOM: polymorph yak -> shapeshifter
 14344 | Lair:2   | XOM: smoke on damage
 14490 | Lair:2   | Reached skill level 5 in Long Blades
 14851 | Lair:2   | XOM: god gift: runed whip {god gift}
 14984 | Lair:2   | XOM: give mutations
 14984 | Lair:2   | Gained mutation: You are very clumsy. (Dex -4) [Xom's
                  | mischief]
 14984 | Lair:2   | Gained mutation: Armour fits poorly on your strangely
                  | shaped body. [Xom's mischief]
 14984 | Lair:2   | Gained mutation: Your magical capacity is low. (-10% MP)
                  | [Xom's mischief]
 14984 | Lair:2   | Gained mutation: You possess an exceptional clarity of
                  | mind. [Xom's mischief]
 15053 | Lair:3   | XOM: cloud trail
 15057 | Lair:3   | XOM: harmless Necr miscast
 15162 | Lair:3   | XOM: cleaving
 15246 | Lair:3   | Got a vibrating platinum ring
 15256 | Lair:3   | Identified the ring "Punlaip" {*Corrode rF+ Str+3 Int+2}
                  | (You found it on level 3 of the Lair of Beasts)
 15516 | Lair:3   | XOM: god gift: robe {god gift}
 15760 | Lair:4   | XOM: give mutations
 15760 | Lair:4   | Gained mutation: Your spells are a little harder to cast,
                  | but a little more powerful. [Xom's grace]
 15760 | Lair:4   | Gained mutation: Your flesh is cold resistant. (rC+) [Xom's
                  | grace]
 15760 | Lair:4   | Gained mutation: You have a pair of antennae on your head.
                  | [Xom's grace]
 15760 | Lair:4   | Gained mutation: You have a pair of large antennae on your
                  | head. (SInv) [Xom's grace]
 15785 | Lair:4   | Found a staircase to the Shoals.
 15795 | Lair:4   | XOM: destruction
 15825 | Lair:4   | XOM: scenery: create altars
 15829 | Lair:4   | Found a hole to the Spider Nest.
 15881 | Lair:4   | XOM: god gift: 720 gold pieces
 16000 | Lair:4   | XOM: 2-stop teleportation journey
 16872 | Lair:4   | XOM: draining
 16884 | Lair:4   | XOM: give mutations
 16884 | Lair:4   | Lost mutation: You possess an exceptional clarity of mind.
                  | [Xom's mischief]
 16884 | Lair:4   | Gained mutation: Your body sometimes deteriorates upon
                  | taking damage. [Xom's mischief]
 16884 | Lair:4   | Lost mutation: You are very clumsy. (Dex -4) [Xom's
                  | mischief]
 16920 | Lair:4   | XOM: harmless Ice miscast
 16932 | Lair:4   | XOM is BORED!
 17036 | Lair:5   | XOM: mild Fire miscast
 17042 | Lair:5   | XOM: polymorph elephant -> wind drake
 17045 | Lair:5   | XOM: cleaving
 17064 | Lair:4   | XOM: severe Ice miscast
 17067 | Lair:4   | XOM: confusion (+ monsters)
 17206 | Lair:5   | XOM: swap monsters
 17208 | Lair:5   | XOM: confuse monster(s)
 17255 | Lair:5   | XOM: smoke on damage
 17255 | Lair:5   | XOM: torment (53/137 hp)
 17268 | Lair:5   | XOM: mild Summ miscast
 17271 | Lair:5   | XOM: draining
 17573 | Lair:5   | XOM: polymorph wind drake -> faun
 17580 | Lair:5   | XOM: noise
 17616 | Lair:5   | XOM: give mutations
 17616 | Lair:5   | Lost mutation: You are clumsy. (Dex -2) [Xom's mischief]
 17616 | Lair:5   | Lost mutation: Your magical capacity is low. (-10% MP)
                  | [Xom's mischief]
 17828 | Lair:5   | Reached skill level 17 in Unarmed Combat
 17830 | Lair:5   | XOM: enchant monster (bad)
 17878 | Lair:5   | XOM: enchant monster (bad)
 17931 | Lair:5   | XOM: confusion
 17932 | Lair:5   | XOM: 2-stop teleportation journey
 17941 | Lair:5   | XOM: scenery: create altars
 17944 | Lair:4   | XOM: summons friendly iron imp
 18271 | Lair:5   | XOM: summons friendly ufetubus
 18422 | Lair:5   | Found a runed translucent gate.
 18422 | Lair:5   | Found a runed translucent gate.
 18422 | Lair:5   | Found a runed translucent gate.
 18476 | Lair:5   | Noticed Qeorph's ghost (journeyman FoAK)
 18545 | Lair:5   | XOM: scenery: create altars
 18628 | Lair:6   | Entered Level 6 of the Lair of Beasts
 18628 | Lair:6   | Found a viscous altar of Jiyva.
 18628 | Lair:6   | Found a staircase to the Slime Pits.
 18646 | Lair:6   | XOM: summons 7 hostile demons
 18673 | Lair:6   | Reached XP level 15. HP: 132/145 MP: 17/17
 18789 | Lair:6   | Noticed Snorg
 18801 | Lair:6   | Killed Snorg
 18984 | Lair:6   | Found a large runed translucent door.
 19023 | Lair:6   | XOM: confusion
 19025 | Lair:6   | XOM: harmless Ice miscast
 19085 | Lair:6   | XOM: harmless Air miscast
 19088 | Lair:6   | XOM: medium Chrm miscast
 19090 | Lair:6   | XOM: fake destruction
 19091 | Lair:6   | XOM: confusion (+ monsters)
 19096 | Lair:6   | XOM: torment (39/145 hp)
 19098 | Lair:6   | XOM: fog
 19100 | Lair:6   | HP: 3/145 [molten gargoyle/+0 flail (20)]
 19100 | Lair:6   | Slain by a molten gargoyle

Levels and vault maps discovered:
D:1:      dpeg_arrival_simpleton_c, layout_rooms, minmay_pentomino_r4
D:2:      layout_basic, first_ration, minmay_fractal_squares_gapless_5
D:3:      layout_rooms
D:4:      layout_cave_pools, minmay_temple_entry_glass, minivault_19,
          minmay_vboxes, uniq_sigmund
D:5:      layout_basic
D:6:      layout_loops_corners, minivault_24
D:7:      layout_basic, marbit_many_paths, grunt_livestock, xom_confusion_cloud,
          uniq_duvessa
D:8:      layout_loops_ring, erik_lair_orcish_takeover, special_room
          [special_room_orc], dk_rats_in_the_wall
D:9:      layout_cave_pods, makhleb_heckhound_becter
D:10:     layout_layer_cave, minmay_misc_feat_roman
D:11:     minmay_shrinking_squares, layout_rooms,
          nicolae_gozag_cash_rules_everything_around_me, uniq_maurice,
          uniq_psyche
D:12:     layout_irregular_city, david_orc_2
D:13:     layout_small_grid, david_vaults_4, basic_altar
D:14:     minmay_two_paths, layout_basic, minmay_misc_feat_five, serial_shops,
          nicolae_shop_statue_plus, minmay_hedge_maze, uniq_agnes
D:15:     hangedman_depths_entry_civil_slaughter, layout_loops_ring,
          serial_park_square3 [serial_park_minivault_5x5_2]
Lair:1:   layout_roguey, columned_hall_lemuel,
          eino_small_chamber_without_monster, uniq_grum
Lair:2:   layout_regular_city, grunt_megastairs_1, minmay_lair_oklob_chamber
Lair:3:   layout_chaotic_city
Lair:4:   layout_long_grid, minmay_shoals_entry_lonely_mermaid,
          nicolae_spider_entry_tight_spaces, st_stairs_7
Lair:5:   layout_roguey, gammafunk_ghost_necromancy, grunt_megastairs_5,
          lemuel_fruit_tree
Lair:6:   cheibrodos_lair_end_hotspot, layout_regular_city, slime_altar_1,
          uniq_snorg

Skill      XL: |  1  2  3  4  5  6  7  8  9 10 11 12 13 14 |
---------------+-------------------------------------------+-----
Fighting       | 3 4 5 6 7 8 |  8.9
Unarmed Combat | 4 5 6 8 10 11 13 14 15 16 17 | 17.3
Shields        | 1 2 4 5 7 8 9 |  9.0
Throwing       | 2 3 |  3.0
Armour         | 2 4 5 6 |  6.7
Evocations     | 2 3 4 |  4.7
Translocations | 1 3 |  3.0
Charms         | 1 2 |  2.9
Spellcasting   | 1 2 |  2.5
Long Blades    | 5 |  5.2
Dodging        | |  1.9
Stealth        | |  0.2

Action                   |  1- 3 |  4- 6 |  7- 9 | 10-12 | 13-15 || total
-------------------------+-------+-------+-------+-------+-------++-------
Melee: Unarmed           |    71 |    88 |   264 |   719 |   901 ||  2043
       Scimitar          |       |       |       |       |     9 ||     9
Throw: Dart              |       |       |       |     4 |       ||     4
       Boomerang         |       |       |       |    31 |       ||    31
       Large rock        |       |       |       |    13 |    10 ||    23
 Cast: Song of Slaying   |       |       |       |       |    15 ||    15
       Shroud of Golubri |       |       |       |       |    12 ||    12
 Abil: Evoke Berserk Rag |       |       |       |     2 |     1 ||     3
Evoke: Wand              |       |       |       |     4 |       ||     4
  Use: Scroll            |       |       |       |    28 |    12 ||    40
       Potion            |       |       |       |     4 |     2 ||     6
 Stab: Sleeping          |     1 |       |     1 |     1 |     5 ||     8
       Invisible         |       |       |       |     1 |       ||     1
       Confused          |       |       |       |     2 |     2 ||     4
       Distracted        |       |       |       |       |     3 ||     3
       Petrified         |       |       |       |       |     3 ||     3
  Eat: Chunk             |    14 |    13 |    25 |    57 |    75 ||   184
Armor: Robe              |    33 |    30 |    69 |    98 |       ||   230
       Acid dragon scale |       |       |       |    72 |       ||    72
       Troll leather arm |       |       |       |    12 |   255 ||   267
Dodge: Dodged            |    35 |    34 |    58 |   181 |   270 ||   578
Block: Kite shield       |       |    19 |    81 |   282 |   384 ||   766

Table legend:
 A = Non-vault XP
 B = Vault XP
 C = Vault XP percentage of total XP
 D = Non-vault monster count
 E = Vault monster count
 F = Vault count percentage of total count
                 A         B        C        D         E       F
            +---------+---------+-------+---------+---------+-------
      Total |   75553 |   35938 |  32.2 |     461 |     151 |  24.7
            +---------+---------+-------+---------+---------+-------
        D:1 |      13 |       7 |  35.0 |       7 |       3 |  30.0
        D:2 |      50 |      33 |  39.8 |      21 |       5 |  19.2
        D:3 |      51 |       0 |   0.0 |      10 |       0 |   0.0
        D:4 |      10 |     427 |  97.7 |       6 |       5 |  45.5
        D:5 |     642 |       0 |   0.0 |      20 |       0 |   0.0
        D:6 |     774 |       0 |   0.0 |      20 |       0 |   0.0
        D:7 |    1412 |    1305 |  48.0 |      29 |      11 |  27.5
        D:8 |    3302 |     951 |  22.4 |      24 |      33 |  57.9
        D:9 |    2046 |      43 |   2.1 |      29 |       1 |   3.3
       D:10 |    1360 |       0 |   0.0 |      22 |       0 |   0.0
       D:11 |    3866 |    3483 |  47.4 |      21 |      14 |  40.0
       D:12 |    7209 |       3 |   0.0 |      38 |       1 |   2.6
       D:13 |    3541 |    2505 |  41.4 |      18 |       4 |  18.2
       D:14 |   10614 |    9754 |  47.9 |      47 |      15 |  24.2
       D:15 |    5254 |    5103 |  49.3 |      23 |       8 |  25.8
     Lair:1 |    6902 |     659 |   8.7 |      34 |       5 |  12.8
     Lair:2 |    3542 |    1760 |  33.2 |      13 |       9 |  40.9
     Lair:3 |    5173 |       0 |   0.0 |      21 |       0 |   0.0
     Lair:4 |    4225 |    2208 |  34.3 |      14 |       8 |  36.4
     Lair:5 |   12520 |     904 |   6.7 |      31 |       4 |  11.4
     Lair:6 |    3047 |    6793 |  69.0 |      13 |      25 |  65.8
            +---------+---------+-------+---------+---------+-------
